Map: Oxide LE

Players

Namshar

  • Race: Zerg Zerg

Scarlett - Winner!

  • Race: Zerg Zerg

Event: DreamHack SC2 Masters 2021 Fall

VOD

Have the link to the VOD?

Description

Time

  • Played on: Aug. 11, 2021, 4:58 p.m.
  • Length: 10:58

All games in this series

Show
View Real Time Build Order
Export as new Build Order

Namshar Zerg 

Build Orders: Hatch First 

Get SALT Encoding   

  12  0:00  Drone  
  13  0:12  Overlord  
  13  0:16  Drone  
  14  0:30  Drone x2  
  16  0:46  Hatchery  
  15  0:50  Drone  
  15  0:54  Drone  
  17  0:57  Drone  
  18  1:07  Extractor  
  17  1:12  Spawning Pool  
  17  1:15  Drone  
  17  1:18  Drone  
  18  1:28  Drone  
  19  1:38  Drone  
  20  1:49  Drone  
  21  1:59  Queen x2  
  21  2:00  Zergling x2, Overlord  
  26  2:10  Drone  
  26  2:11  Metabolic Boost, Drone  
  28  2:20  Drone  
  28  2:21  Zergling x2  
  30  2:31  Drone  
  30  2:32  Drone  
  30  2:36  Hatchery  
  31  2:41  Drone  
  32  2:46  Overlord  
  32  2:50  Baneling Nest  
  31  2:52  Drone  
  32  2:58  Drone  
  33  3:08  Drone x3  
  33  3:09  Drone  
  33  3:10  Queen  
  38  3:13  Zergling x4  
  38  3:18  Overlord  
  40  3:20  Zergling x2  
  40  3:26  Zergling x4  
  43  3:33  Baneling x2  
  43  3:35  Zergling x2  
  44  3:41  Drone x5  
  44  3:43  Evolution Chamber  
  44  3:48  Overlord  
  48  3:49  Drone x2  
  50  3:57  Drone  
  50  4:02  Drone x2  
  51  4:07  Lair  
  51  4:08  Drone  
  52  4:10  Drone x4  
  52  4:14  Extractor  
  52  4:15  Extractor, Drone  
  52  4:19  Drone x3  
  52  4:22  Drone x3  
  58  4:29  Zerg Missile Weapons Level 1  
  58  4:30  Roach Warren  
  57  4:32  Drone x2  
  57  4:38  Overlord  
  59  4:44  Drone x6  
  64  4:53  Drone, Overlord x2  
  64  4:56  Extractor  
  64  4:57  Extractor  
  64  4:58  Drone x4  
  67  5:05  Drone  
  68  5:08  Drone  
  68  5:09  Drone, Overlord  
  68  5:10  Glial Reconstitution  
  68  5:11  Extractor  
  68  5:13  Roach x3  
  75  5:23  Roach x5  
  75  5:25  Overlord  
  85  5:31  Roach x4  
  93  5:39  Roach x2  
  97  5:50  Queen x3  
  97  5:51  Drone x3  
  105  6:07  Overlord x4  
  104  6:23  Roach x2  
  105  6:28  Drone x3  
  105  6:30  Drone  
  105  6:31  Roach  
  105  6:32  Roach x7  
  119  6:34  Roach  
  119  6:39  Roach  
  121  6:40  Roach x2  
  121  6:43  Hatchery  
  121  6:45  Zerg Missile Weapons Level 2  
  116  6:50  Evolution Chamber  
  116  6:51  Roach x3  
  121  6:57  Overlord  
  121  6:58  Overlord  
  121  7:00  Roach  
  121  7:01  Roach x2  
  127  7:02  Ravager x5  
  127  7:04  Ravager x2  
  134  7:10  Overlord x2  
  134  7:11  Pneumatized Carapace  
  134  7:18  Roach x4  
  142  7:24  Roach  
  142  7:25  Roach x3  
  150  7:36  Roach x7  
  164  7:42  Hydralisk Den  
  160  7:44  Queen x2  
  155  7:52  Spore Crawler x2  
  155  7:53  Spore Crawler  
  155  7:57  Zerg Ground Armor Level 1  
  150  7:59  Drone x3  
  150  8:01  Drone  
  152  8:06  Roach x2  
  152  8:07  Spore Crawler  
  151  8:18  Queen  
  153  8:20  Infestation Pit  
  153  8:22  Queen, Spore Crawler  
  153  8:24  Muscular Augments  
  153  8:38  Spore Crawler, Drone x7  
  151  8:50  Roach x5  
  159  9:06  Overlord x3  
  152  9:13  Spore Crawler  
  151  9:17  Overlord x2  
  151  9:18  Overlord x3  
  151  9:24  Queen x2  
  151  9:30  Roach x3  
  159  9:32  Overlord x2  
  159  9:35  Infestor x3  
  159  9:36  Infestor  
  165  9:52  Queen  
  165  9:53  Roach  
  165  9:54  Roach x7  
  172  10:00  Lurker Den  
  172  10:03  Infestation Pit  
  168  10:12  Extractor  
  167  10:17  Roach x8  
  163  10:23  Roach  
  163  10:28  Roach  
  151  10:32  Roach  
  151  10:33  Roach x2  
  151  10:36  Roach  
Show
View Real Time Build Order
Export as new Build Order

Scarlett Zerg - Winner!

Build Orders: Hatch First, Muta Ling Bane 

Get SALT Encoding   

  12  0:00  Drone  
  13  0:12  Overlord  
  13  0:16  Drone  
  14  0:30  Drone x2  
  16  0:47  Hatchery  
  15  0:50  Drone  
  15  0:54  Drone  
  17  0:57  Drone  
  18  1:08  Extractor  
  17  1:12  Spawning Pool  
  17  1:15  Drone  
  17  1:18  Drone  
  18  1:27  Drone  
  19  1:38  Drone  
  20  1:49  Drone  
  21  1:59  Queen x2, Zergling x2  
  21  2:00  Overlord  
  26  2:07  Metabolic Boost  
  26  2:09  Drone  
  26  2:11  Drone  
  28  2:21  Drone x2  
  30  2:32  Hatchery  
  30  2:34  Zergling x2  
  30  2:40  Drone  
  30  2:42  Drone  
  32  2:47  Baneling Nest  
  32  2:50  Overlord  
  31  2:54  Zergling x2  
  32  3:05  Drone x3  
  35  3:07  Drone  
  35  3:10  Zergling x2  
  35  3:11  Zergling x2  
  35  3:12  Drone x2  
  40  3:26  Drone x3  
  43  3:32  Queen, Evolution Chamber  
  44  3:37  Baneling x2  
  44  3:40  Overlord  
  44  3:44  Drone x6  
  50  3:51  Overlord  
  50  3:55  Baneling x2  
  50  4:01  Drone  
  50  4:02  Drone x2  
  52  4:05  Drone x2  
  52  4:06  Extractor  
  52  4:07  Extractor, Zerg Missile Weapons Level 1  
  52  4:13  Drone x5  
  57  4:19  Drone  
  58  4:27  Drone, Overlord  
  58  4:28  Drone x3  
  58  4:30  Lair  
  62  4:33  Drone  
  62  4:36  Extractor  
  62  4:38  Extractor  
  61  4:40  Drone x5  
  65  4:46  Drone x2  
  65  4:48  Overlord  
  65  4:49  Drone x3  
  65  4:51  Extractor  
  69  4:55  Drone x3  
  71  5:07  Drone x3  
  71  5:14  Overlord  
  74  5:19  Drone x2  
  74  5:20  Roach Warren  
  74  5:22  Zergling x2  
  74  5:23  Zergling x12  
  81  5:31  Overlord x2  
  81  5:33  Drone  
  81  5:43  Drone x2  
  81  5:48  Overlord x2  
  81  5:49  Overlord x2  
  83  5:51  Spire  
  83  5:52  Overseer  
  83  5:55  Hatchery  
  81  5:59  Roach x8  
  81  6:02  Roach  
  98  6:07  Roach x3  
  98  6:11  Roach  
  106  6:16  Roach x4  
  109  6:24  Roach x5  
  112  6:28  Roach x3  
  112  6:32  Roach x2  
  114  6:33  Roach  
  108  6:40  Roach x2  
  108  6:41  Glial Reconstitution  
  108  6:44  Roach  
  110  6:49  Queen x2  
  114  6:56  Zerg Melee Weapons Level 1  
  114  7:06  Mutalisk  
  114  7:07  Mutalisk x7  
  130  7:10  Zerg Flyer Weapons Level 1  
  130  7:12  Overlord  
  130  7:13  Overlord  
  130  7:19  Overlord x3  
  130  7:26  Mutalisk x3  
  130  7:29  Overlord  
  136  7:35  Mutalisk x2  
  140  7:39  Mutalisk  
  142  7:48  Mutalisk  
  142  7:50  Queen, Drone x6  
  152  7:58  Mutalisk x2  
  156  8:11  Extractor  
  156  8:12  Extractor  
  154  8:15  Drone x3  
  154  8:16  Drone x3, Overlord x2  
  154  8:17  Overlord x2  
  160  8:21  Hatchery, Mutalisk x2  
  164  8:27  Zergling x10  
  164  8:28  Centrifical Hooks  
  166  8:52  Zergling x2  
  166  8:53  Zergling x30  
  180  8:59  Mutalisk x3  
  182  9:05  Mutalisk x2  
  182  9:09  Mutalisk  
  186  9:10  Mutalisk x4  
  186  9:15  Zergling x2  
  197  9:17  Zergling x6  
  200  9:29  Extractor x2  
  200  9:30  Baneling x4  
  200  9:31  Baneling x8  
  196  9:45  Baneling  
  196  9:46  Baneling x12  
  196  9:48  Zergling x8  
  198  10:02  Baneling  
  198  10:03  Baneling x13  
  180  10:28  Mutalisk x5  
  168  10:30  Drone x3  
  168  10:31  Drone x3  
  168  10:35  Zergling x38  

Tags
 
Add a new tag
Caveats
  • Supply blocks, unpowered buildings, or Contaminate may cause inaccurate times.
  • Supply counts are checked every 10 seconds.